 Dungeon Crawl Stone Soup version 0.21-a0-538-gd16b88a (webtiles) character file.

7331 Lavandula the Fighter (level 10, -2/86 HPs)
             Began as a Mummy Chaos Knight on Dec 15, 2017.
             Slain by a killer bee (13 damage)
             ... on level 9 of the Dungeon.
             The game lasted 00:32:15 (11441 turns).

Lavandula the Fighter (Mummy Chaos Knight)         Turns: 11441, Time: 00:32:16

Health: -2/86      AC:  8    Str: 15      XL:     10   Next: 90%
Magic:  12/12      EV: 17    Int: 11      God:    Xom [..*...]
Gold:   576        SH:  8    Dex: 15 (16) Spells: 9/9 levels left

rFire    . . .     SeeInvis .   s - +4 dagger
rCold    + . .     Gourm    .   m - +0 buckler
rNeg     + + +     Faith    .   b - +2 leather armour
rPois    ∞         Spirit   .   (no helmet)
rElec    .         Reflect  +   (no cloak)
rCorr    .         Harm     .   l - +0 pair of gloves (curse)
MR       +....                  p - +1 pair of boots
Stlth    +.........             d - +3 amulet of reflection
HPRegen  0.24/turn              t - ring of wizardry
MPRegen  0.13/turn              y - ring of protection from fire

@: about to teleport, liquefying, very slightly contaminated, slowed movement,
very slow
A: no food or potions, fire vulnerability, cold resistance 1, negative energy
resistance 3, torment resistance, unbreathing
a: Renounce Religion


You were on level 9 of the Dungeon.
You worshipped Xom.
You were a toy of Xom.
You were not hungry.

You visited 1 branch of the dungeon, and saw 9 of its levels.
You also visited: Sewer.

You collected 576 gold pieces.

Inventory:

Hand Weapons
 a - a +0 short sword of chaos
 c - a cursed -2 dagger
 h - a +1 halberd of protection
 k - a +0 dagger
 s - a +4 dagger (weapon)
 u - a cursed +3 battleaxe of freezing
 v - a -3 trident
 A - a +0 triple crossbow
Missiles
 i - 5 tomahawks (quivered)
 n - 61 poisoned needles
 x - 8 curare-tipped needles
Armour
 b - a +2 leather armour (worn)
 l - a cursed +0 pair of gloves (worn)
 m - a +0 buckler (worn)
 p - a +1 pair of boots (worn)
Magical Staves
 q - an uncursed staff of poison
Jewellery
 d - a +3 amulet of reflection (around neck)
 t - a ring of wizardry (left hand)
 y - a ring of protection from fire (right hand)
 E - an uncursed ring of ice {unknown}
Scrolls
 e - 9 scrolls of identify
 f - 2 scrolls of remove curse
 g - 3 scrolls of amnesia
 o - 2 scrolls of teleportation
 r - a scroll of immolation
 w - a scroll of fog
 B - a scroll of magic mapping
 C - a scroll of vulnerability


   Skills:
 - Level 10.8 Fighting
 - Level 6.2 Short Blades
 + Level 2.3 Staves
 - Level 1.5 Armour
 - Level 9.0 Dodging
 - Level 3.1 Shields
 - Level 3.3 Evocations


You had 9 spell levels left.
You didn't know any spells.

Dungeon Overview and Level Annotations

Branches:
Dungeon (9/15)             Temple (0/1) D:7
   Lair: D:8-11         Orc: D:9-12

Altars:
Fedhas
Nemelex Xobeh
Xom

Shops:
D:6 (**

Annotations:
D:5 Dowan, Duvessa


Innate Abilities, Weirdness & Mutations

You do not eat or drink.
Your flesh is vulnerable to fire.
You are immune to poison.
Your flesh is cold resistant. (rC+)
You are immune to negative energy. (rN+++)
You are immune to unholy pain and torment.
You can survive without breathing.


Message History

The killer bee is caught in the net!
The killer bee struggles against the net.
The killer bee rages.
The killer bee struggles against the net. x2
The net rips apart, and the killer bee comes free!
Evoke which item? (* to show all) (? for menu, Esc to quit)
Aiming: Paralyse
Press: ? - help, Shift-Dir - straight line, f/p - killer bee
Aim: a killer bee (berserk, fast, unusually strong, chance to defeat MR: 64%)
The killer bee struggles to resist.
The now-empty wand crumbles to dust.
The killer bee closely misses you. x2; The killer bee stings you.
* * * LOW HITPOINT WARNING * * *
You aren't carrying any items that you can evoke without wielding.
Unknown command.
As you read the scroll of teleportation, it crumbles to dust.
You feel strangely unstable.
The killer bee stings you but does no damage.
The killer bee stings you!
You die...
Xom thinks this is hilarious!

#.# #.# #.##.....####.. #.#
#.# #.####..## ### #.# #y#
#.# #..# #### #.# #.# #..
..... ..# ####.# #.# #.# #
#.# .....# #.# #.# #..####.##
###### #y# #.# #......... #
#y###.####..####.## #######
#.@................ ......#
#####.##########.## #####.#
#.# #.# # #.# #.# #.## # #.#
#.# #... #####.# #.# ###.
#.(...# ###.############.
..###.# #...............# ..#
#.###########.#.############.


You could see a queen bee and 2 killer bees.

Vanquished Creatures
  2 hippogriffs (D:9)
  A spriggan (D:8)
  2 yaks (D:9)
  2 hungry ghosts (D:7)
  A water moccasin (D:5)
  2 orc warriors
  An ice beast (D:7)
  4 ogres
  4 phantoms
  2 centaurs
  A necrophage (D:8)
  4 bullfrogs
  11 killer bees
  3 wights (D:8)
  3 crimson imps
  2 quasits
  A bullfrog zombie (D:8)
  A centaur zombie (D:6)
  4 hounds
  2 jellies (D:8)
  3 orc wizards
  4 orc priests
  2 centaur skeletons
  A gnoll shaman (D:6)
  4 worker ants
  A killer bee zombie (D:5)
  A hound zombie (D:8)
  A worker ant zombie (D:6)
  18 gnolls
  A howler monkey skeleton (D:4)
  8 adders
  3 river rats (Sewer)
  2 shadow imps
  2 oozes
  2 adder skeletons
  4 worms
  2 dart slugs
  5 leopard geckos
  20 orcs
  3 giant cockroaches
  6 hobgoblins
  2 jackals (D:4)
  3 ball pythons (D:4)
  4 bats
  4 frilled lizards
  5 goblins
  6 kobolds
  7 rats
  A butterfly (D:7)
178 creatures vanquished.

Vanquished Creatures (collateral kills)
  4 yaks (D:9)
  2 ogres (D:4)
  A big kobold (Sewer)
  A crimson imp (D:5)
  A jelly (D:4)
  A worker ant (D:4)
  3 orc wizards (D:4)
  A leopard gecko (D:4)
  2 jackals (Sewer)
  2 quokkas (D:4)
  A ball python (D:4)
  2 kobolds (Sewer)
21 creatures vanquished.

Vanquished Creatures (others)
  9 plants (D:9)
  A withered plant (D:8)
10 creatures vanquished.

Grand Total: 209 creatures vanquished

Notes
Turn   | Place    | Note
-------+----------+-------------------------------------------
     0 | D:1      | Lavandula the Mummy Chaos Knight began the quest for the Orb.
     0 | D:1      | Reached XP level 1. HP: 18/18 MP: 1/1
   110 | D:1      | Reached XP level 2. HP: 16/24 MP: 2/2
   864 | D:2      | XOM: confuse monster(s)
   895 | D:1      | Reached XP level 3. HP: 7/29 MP: 3/3
  1725 | D:2      | Reached XP level 4. HP: 28/35 MP: 4/4
  1759 | D:2      | XOM: divination: detect items
  1777 | D:2      | XOM: enchant monster (bad)
  2064 | D:2      | XOM: 3-stop teleportation journey
  2095 | D:2      | XOM: scenery: create altars
  2403 | D:3      | Found a faded altar of an unknown god.
  2845 | D:3      | XOM: cloud trail
  3079 | D:4      | Reached XP level 5. HP: 37/41 MP: 5/5
  3189 | D:4      | Found a glowing drain.
  3210 | Sewer    | Entered a sewer
  3213 | Sewer    | XOM: cast spell 'Alistair's Intoxication'
  3216 | Sewer    | Reached skill level 5 in Short Blades
  3380 | Sewer    | XOM: summons 2 hostile demons
  3657 | Sewer    | XOM: 1-stop teleportation journey
  3667 | Sewer    | XOM: cloud trail
  3792 | Sewer    | Found a white marble altar of Elyvilon.
  3886 | D:4      | XOM: god gift: scroll of fear
  3890 | D:4      | Reached XP level 6. HP: 41/47 MP: 6/6
  4581 | D:4      | XOM: cast spell 'Olgreb's Toxic Radiance'
  4585 | D:4      | XOM: smoke on damage
  4594 | D:4      | Reached skill level 4 in Fighting
  4594 | D:4      | Reached XP level 7. HP: 40/54 MP: 7/7
  4749 | D:4      | Reached skill level 5 in Fighting
  4828 | D:4      | XOM: mild Necr miscast
  4910 | D:5      | Entered Level 5 of the Dungeon
  4930 | D:5      | XOM: medium Conj miscast
  5084 | D:5      | Noticed Dowan
  5085 | D:5      | Noticed Duvessa
  5453 | D:5      | XOM: swap monsters
  5455 | D:5      | XOM: summons friendly white imp
  5531 | D:5      | XOM: confusion (+ monsters)
  5722 | D:5      | Reached XP level 8. HP: 38/62 MP: 8/8
  6075 | D:5      | XOM: confuse monster(s)
  6280 | D:5      | Reached skill level 5 in Dodging
  6523 | D:6      | XOM: scenery: create altars
  6538 | D:6      | Reached skill level 1 in Shields
  6797 | D:6      | Found Huimniha's Weapon Shoppe.
  6799 | D:6      | Found Inoll's General Store.
  6901 | D:6      | Found Unebluhe's Assorted Antiques.
  6974 | D:6      | XOM is BORED!
  7043 | D:6      | XOM: enchant monster (bad)
  7091 | D:6      | XOM: mild Chrm miscast
  7284 | D:6      | XOM: scenery: 1 doors close
  7707 | D:7      | Found a staircase to the Ecumenical Temple.
  7779 | D:7      | Found a sparkling altar of Nemelex Xobeh.
  7859 | D:7      | XOM: 3-stop teleportation journey
  7939 | D:7      | Paralysed by a centaur for 6 turns
  8041 | D:7      | XOM: divination: detect creatures
  8098 | D:7      | Found a blossoming altar of Fedhas.
  8248 | D:7      | Reached XP level 9. HP: 65/69 MP: 9/9
  8302 | D:7      | XOM: divination: detect items
  8354 | D:7      | XOM: cloud trail
  8409 | D:7      | XOM: divination: magic mapping
  8411 | D:8      | XOM: confuse monster(s)
  8430 | D:7      | Reached skill level 6 in Fighting
  8585 | D:7      | XOM: medium Chrm miscast
  8603 | D:7      | XOM: cast spell 'Shadow Creatures'
  8667 | D:7      | XOM: enchant monster (good)
  8723 | D:7      | Reached skill level 7 in Fighting
  8808 | D:8      | XOM: summons 2 friendly demons
  8813 | D:8      | XOM: potion effect (experience)
  8813 | D:8      | Reached skill level 10 in Fighting
  8813 | D:8      | Reached XP level 10. HP: 86/86 MP: 10/10
  8885 | D:8      | XOM: potion effect (invisibility)
  8907 | D:8      | XOM: noise
  8945 | D:8      | XOM: harmless Summ miscast
  8999 | D:8      | XOM: potion effect (might)
  9004 | D:8      | XOM: polymorph orc -> jelly
  9014 | D:8      | Reached skill level 1 in Staves
  9130 | D:8      | XOM: medium Hex miscast
  9627 | D:9      | XOM: cleaving
  9662 | D:9      | XOM: enchant monster (bad)
  9670 | D:9      | XOM: noise
  9685 | D:9      | Reached skill level 1 in Evocations
 10008 | D:9      | XOM: noise
 10027 | D:9      | XOM: swap monsters
 10061 | D:9      | XOM: summons friendly white imp
 10062 | D:9      | XOM: mild Summ miscast
 10430 | D:9      | XOM: potion effect (brilliance)
 10450 | D:9      | XOM: smoke on damage
 10452 | D:9      | XOM: harmless Chrm miscast
 10477 | D:9      | XOM: mild Summ miscast
 10607 | D:9      | XOM: divination: detect creatures
 10691 | D:8      | XOM: cloud trail
 10927 | D:9      | XOM: cast spell 'Discord'
 10987 | D:9      | XOM: summons 3 hostile shadow creatures
 10988 | D:9      | Noticed a two-headed ogre
 11126 | D:9      | XOM: mild Summ miscast
 11170 | D:9      | XOM: harmless Pois miscast
 11267 | D:9      | XOM: mild Erth miscast
 11304 | D:9      | XOM: god gift: meat ration
 11339 | D:9      | XOM: potion effect (brilliance)
 11355 | D:9      | XOM: harmless Pois miscast
 11424 | D:9      | XOM: cast spell 'Leda's Liquefaction'
 11441 | D:9      | Slain by a killer bee

Vault maps used:
D:1:      minmay_arrival_four_circles
D:3:      chequers_ecumenical_altar_island
D:4:      cheibrodos_barr_body, portal_sewer_entry_c
D:5:      first_bread, uniq_duvessa
D:6:      serial_glass, glass_columns_b, glass_columns_b, serial_shops, shop,
          shop, shop
D:7:      kennysheep_little_box, lemuel_crystal_altar,
          minmay_temple_entry_butterflies
D:8:      serial_undead, serial_undead_c, serial_undead_b, serial_undead_c,
          serial_undead_b, the_bakery
D:9:      nicolae_looking_at_the_future
Sewer:    sewer_kobolds

Skill      XL: |  1  2  3  4  5  6  7  8  9 10 |
---------------+-------------------------------+-----
Short Blades   | 3 4 5 6 |  6.2
Fighting       | 4 5 10 | 10.8
Dodging        | 4 6 9 |  9.0
Shields        | 3 |  3.1
Staves         | 2 |  2.3
Evocations     | 3 |  3.3
Armour         | |  1.5

Action                   |  1- 3 |  4- 6 |  7- 9 | 10-12 || total
-------------------------+-------+-------+-------+-------++-------
Melee: Short sword       |   123 |    57 |       |       ||   180
       Dagger            |       |   184 |   529 |   470 ||  1183
Throw: Throwing net      |       |       |       |     2 ||     2
Evoke: Wand              |       |       |       |    11 ||    11
  Use: Scroll            |       |    11 |     3 |     7 ||    21
 Stab: Paralysed         |     2 |       |     1 |     4 ||     7
       Petrified         |       |     2 |       |       ||     2
       Confused          |       |       |     2 |       ||     2
       Distracted        |       |       |     1 |       ||     1
       Invisible         |       |       |       |     8 ||     8
       Sleeping          |       |       |       |     1 ||     1
Armor: Leather armour    |    41 |    75 |    94 |    71 ||   281
Dodge: Dodged            |    60 |   107 |   211 |   288 ||   666
Block: Other             |       |       |    24 |       ||    24
       Buckler           |       |       |    70 |   157 ||   227
       Reflection        |       |       |     1 |     3 ||     4

Table legend:
 A = Spawn XP
 B = Non-spawn XP
 C = Spawn XP percentage of total XP
 D = Spawn monster count
 E = Non-spawn monster count
 F = Spawn count percentage of total count
 G = Total turns spent on level
                    A         B        C        D         E        F      G
               +---------+---------+-------+---------+---------+-------+---------
         Total |       0 |    7006 |   0.0 |       0 |     198 |   0.0 | 11441
               +---------+---------+-------+---------+---------+-------+---------
           D:1 |       0 |      47 |   0.0 |       0 |      15 |   0.0 |  1205
           D:2 |       0 |     103 |   0.0 |       0 |      19 |   0.0 |  1094
           D:3 |       0 |      29 |   0.0 |       0 |      10 |   0.0 |   907
           D:4 |       0 |     787 |   0.0 |       0 |      36 |   0.0 |  1512
           D:5 |       0 |     862 |   0.0 |       0 |      23 |   0.0 |  1241
           D:6 |       0 |     480 |   0.0 |       0 |      15 |   0.0 |  1111
           D:7 |       0 |    1138 |   0.0 |       0 |      14 |   0.0 |  1111
           D:8 |       0 |    1216 |   0.0 |       0 |      25 |   0.0 |  1023
           D:9 |       0 |    2250 |   0.0 |       0 |      32 |   0.0 |  1627
         Sewer |       0 |      94 |   0.0 |       0 |       9 |   0.0 |   610
               +---------+---------+-------+---------+---------+-------+---------
